 Dungeon Crawl Stone Soup version 0.28-a0-1130-gc51a68064b (webtiles) character file.

Game seed: 16799783634021284449

9 yoda5477 the Insei (level 2, 17/21 HPs)
             Began as a Demonspawn Transmuter on Dec 12, 2021.
             Quit the game on level 1 of the Dungeon.
             The game lasted 00:01:48 (416 turns).

yoda5477 the Insei (Demonspawn Transmuter)           Turns: 416, Time: 00:01:49

Health: 17/21      AC:  2    Str: 10    XL:     2   Next: 3%
Magic:  1/5        EV: 12    Int: 14    God:
Gold:   26         SH:  0    Dex: 13    Spells: 4/5 levels left

rFire   . . .      SeeInvis .     - Unarmed
rCold   . . .      Faith    .   (no shield)
rNeg    . . .      Spirit   .   a - +0 robe
rPois   .          Reflect  .   (helmet currently unavailable)
rElec   .          Harm     .   (no cloak)
rCorr   .          Rampage  .   (no gloves)
Will    .....                   (boots currently unavailable)
Stlth   ++........              (no amulet)
HPRegen 0.07/turn               (no ring)
MPRegen 0.09/turn               (no ring)

@: appendages (expiring)
A: horns 2, talons 2, demonic guardian 1
a: End Transformation


You were on level 1 of the Dungeon.
You had temporarily grown beastly horns and talons.
You visited 1 branch of the dungeon, and saw 2 of its levels.

You collected 26 gold pieces.

Inventory:

Armour
 a - a +0 robe (worn)
Scrolls
 b - 2 scrolls of enchant weapon {unknown}
 c - a scroll of enchant armour {unknown}
Potions
 d - a potion of curing {unknown}


   Skills:
 * Level 1.4 Fighting
 + Level 1.9 Dodging
 * Level 0.9 Stealth
 - Level 2.6 Unarmed Combat
 - Level 2.0 Spellcasting
 + Level 1.9 Transmutations


You had 4 spell levels left.
You knew the following spells:

 Your Spells              Type           Power      Damage    Failure   Level
a - Beastly Appendage     Tmut           12%        N/A       11%         1

Your spell library contained the following spells:

 Spells                   Type           Power      Damage    Failure   Level
 Wereblood                Tmut           6%         N/A       16%         2
 Spider Form              Tmut/Pois      4%         N/A       43%         3
 Ice Form                 Ice/Tmut       4%         N/A       85%         4


Dungeon Overview and Level Annotations

Branches:
Dungeon (2/15)

Altars:


Innate Abilities, Weirdness & Mutations

You have temporarily grown beastly horns and talons.
A weak demonic guardian rushes to your aid.


Message History

You start resting.
Magic restored.
You start resting.
Your horns disappear.
Your talons disappear.
You start resting.
HP restored.
You see here a giant cockroach corpse.
An endoplasm comes into view.
Found a stone staircase leading down.
Casting: Beastly Appendage (safe; 11% risk of failure)
Confirm with . or Enter, or press ? or * to list all spells.
You miscast Beastly Appendage.
You are very lightly contaminated with residual magic.
Nothing appears to happen.
Casting: Beastly Appendage (safe; 11% risk of failure)
Confirm with . or Enter, or press ? or * to list all spells.
You grow a pair of large bovine horns.
Your feet morph into talons.
Found a hunting sling.
Your transformation is almost over.
The helpless endoplasm fails to defend itself.
You hit the endoplasm.
The endoplasm is almost dead.
The endoplasm closely misses you.
You hit the endoplasm but do no damage. You claw the endoplasm.
You kill the endoplasm!
Your magical contamination has completely faded away.
A hobgoblin comes into view.
Your horns disappear.
Your talons disappear.
The hobgoblin shouts!
Casting: Beastly Appendage (safe; 11% risk of failure)
Confirm with . or Enter, or press ? or * to list all spells.
You grow a pair of large bovine horns.
Your feet morph into talons.
You closely miss the hobgoblin. You hit the hobgoblin but do no damage.
The hobgoblin hits you.
You hit the hobgoblin but do no damage. You claw the hobgoblin.
You kill the hobgoblin!
You have reached level 2!
Your demonic ancestry asserts itself...
You feel the presence of a demonic guardian.
Are you sure you want to abandon this character and quit the game? (Confirm with "yes".)

#.
#.##.##...##.#.#
#. #.##.##...##.#
#
#.##.##.##...##.#
#.......##...##.##
#>................
#.................
#..#######...##.##
#).### ##### .#
#.@..# # #....#
#....# #....#
#..### #..# #..#
#..#


There were no monsters in sight!

Vanquished Creatures
  A bat (D:2)
  An endoplasm (D:1)
  A giant cockroach (D:1)
  A hobgoblin (D:1)
  3 ball pythons (D:1)
  A rat (D:1)
8 creatures vanquished.

Notes
Turn   | Place    | Note
-------+----------+-------------------------------------------
     0 | D:1      | yoda5477 the Demonspawn Transmuter began the quest for the
                  | Orb.
     0 | D:1      | Reached XP level 1. HP: 15/15 MP: 3/3
   416 | D:1      | Gained mutation: A weak demonic guardian rushes to your
                  | aid. [demonic ancestry]
   416 | D:1      | Reached XP level 2. HP: 17/21 MP: 1/5
   416 | D:1      | Quit the game

Illustrated notes

Levels and vault maps discovered:
D:1:      dpeg_arrival_round_c, layout_basic, chequers_ecumenical_altar_island,
          minmay_heptomino_h4
D:2:      layout_loops_ring

Action                   || total
-------------------------++-------
Melee: Unarmed           ||    21
       Kick              ||     8
 Cast: Beastly Appendage ||     8
 Stab: Sleeping          ||     1
Armor: Robe              ||     6
Dodge: Dodged            ||    16

Table legend: (Time is in decaauts)
 A = Elapsed time spent in this place.
 B = Non-inter-level travel time spent in this place.
 C = Inter-level travel time spent in this place.
 D = Time resting spent in this place.
 E = Time spent auto-exploring this place.
 F = Levels seen in this place.
 G = Mean time per level.
                   A        B        C        D        E       F      G
               +--------+--------+--------+--------+--------+-----+--------+
         Total |    414 |    414 |      0 |    187 |    136 |   2 |  207.0 |
       Dungeon |    414 |    414 |      0 |    187 |    136 |   2 |  207.0 |
               +--------+--------+--------+--------+--------+-----+--------+

Top non-repeatable levels by time:
     D:1: 403 daAuts
     D:2: 11 daAuts
